 Dungeon Crawl Stone Soup version 0.16-a0-3939-g9a3e665 (console) character file.

2951 Monkaria the Severer (level 9, 0/71 HPs)
             Began as a Hill Orc Fighter on Feb 6, 2015.
             Was a Believer of Makhleb.
             Slain by a goliath beetle (26 damage)
             ... on level 7 of the Dungeon.
             The game lasted 00:11:53 (6199 turns).

Monkaria the Severer (Hill Orc Fighter)             Turns: 6199, Time: 00:11:53

Health: 0/71       AC:  8    Str: 21 (22) XL:     9   Next: 81%
Magic:  9/9        EV:  7    Int:  8      God:    Makhleb [**....]
Gold:   360        SH:  9    Dex: 10      Spells: 0 memorised, 8 levels left

rFire  . . .     SeeInvis .     a - +0 war axe
rCold  . . .     Clarity  .     b - +1 scale mail
rNeg   . . .     SustAb   .     c - +0 shield
rPois  .         Gourm    .     (no helmet)
rElec  .         Spirit   .     (no cloak)
rCorr  .         Warding  .     (no gloves)
rMut   .         Stasis   .     (no boots)
MR     .....                    r - amulet of rage
Stlth  ..........               (no ring)
                                (no ring)

@: not resistant to hostile enchantments, extremely unstealthy
A: deterioration 1, slow healing 1
a: Minor Destruction, Renounce Religion, Evoke Berserk Rage


You were on level 7 of the Dungeon.
You worshipped Makhleb.
Makhleb was pleased with you.
You were not hungry.

You visited 2 branches of the dungeon, and saw 8 of its levels.

You collected 360 gold pieces.

Inventory:

Hand weapons
 a - a +0 war axe (weapon)
Armour
 b - a +1 scale mail (worn)
 c - a +0 shield (worn)
Jewellery
 r - an amulet of rage (around neck)
Magical devices
 w - a wand of random effects (30)
 x - a wand of lightning (7)
 y - a wand of slowing (38)
Scrolls
 f - 5 scrolls of remove curse
 i - a scroll of immolation
 l - 4 scrolls of teleportation
 n - a scroll of amnesia
 p - 3 scrolls of fear
 q - a scroll of random uselessness {unknown}
 s - a scroll of noise
 t - 2 scrolls of blinking
 u - 2 scrolls of enchant armour
Potions
 e - a potion of might
 j - a potion of agility
 k - a potion of cancellation
 z - a potion of brilliance
Books
 h - a book of Power

   Spells                             Type                      Level
   a - Fulminant Prism                Conjuration/Hexes            4
   b - Iskenderun's Mystic Blast      Conjuration                  4
   c - Venom Bolt                     Conjuration/Poison           5
   d - Bolt of Magma                  Conjuration/Fire/Earth       5
   e - Iron Shot                      Conjuration/Earth            6
   f - Orb of Destruction             Conjuration                  7
   g - Spellforged Servitor           Conjuration/Summoning        7
Comestibles
 d - 2 meat rations
 g - 5 bread rations
 m - 2 slices of pizza
 o - 8 fruits


   Skills:
 - Level 4.0 Fighting
 + Level 15.9 Axes
 - Level 4.1 Armour
 - Level 3.2 Shields


You had 8 spell levels left.
You didn't know any spells.

Dungeon Overview and Level Annotations

Branches:
Dungeon (7/15)             Temple (1/1) D:5

Altars:
Ashenzari
Cheibriados
Dithmenos
Elyvilon
Fedhas
Gozag
Kikubaaqudgha
Makhleb
Nemelex Xobeh
Okawaru
Qazlal
Ru
Sif Muna
Trog
Vehumet
Xom
Yredelemnul
Zin
The Shining One

Shops:
D:6 (

Annotations:
D:7 1 runed door


Innate Abilities, Weirdness & Mutations

Your body is slowly deteriorating.
You heal slowly when monsters are visible.


Message History

You slash the goliath beetle!
The goliath beetle is moderately wounded.
You hit the goliath beetle.
The goliath beetle is heavily wounded.
You hit the goliath beetle but do no damage.
The goliath beetle is heavily wounded.
The goliath beetle barely misses you.
You hit the goliath beetle but do no damage.
The goliath beetle is heavily wounded.
You hit the goliath beetle but do no damage.
The goliath beetle is heavily wounded.
You slash the goliath beetle!
The goliath beetle is severely wounded.
The goliath beetle bites you!!
You slash the goliath beetle!
The goliath beetle is almost dead.
You hit the goliath beetle but do no damage.
The goliath beetle is almost dead.
The goliath beetle bites you!!
You die...

....#######....#........
... #..sBs#....#......#.
. +.yabs†....#.#...##
... #.ss.B#....##....#
....#######s...# .#...
..............b# . ....
#.......s.......#.. .##.
#######B######## # .
#@........ #÷.......#
####.###........#
................#
.......########## ......
#####


You could see a goliath beetle and a giant mite.

Vanquished Creatures
  Pikel (D:6)
  Eustachio (D:4)
  2 sky beasts (D:6)
  3 phantoms (D:4)
  3 ogres
  Duvessa (D:6)
  A water moccasin zombie (D:6)
  4 scorpions
  A water moccasin skeleton (D:6)
  A killer bee (D:7)
  3 wights (D:6)
  Dowan (D:6)
  2 goliath beetles (D:7)
  4 crimson imps
  A centaur zombie (D:6)
  A giant frog zombie (D:6)
  A giant frog skeleton (D:6)
  A jelly (D:5)
  5 orc priests
  A hound (D:5)
  An iguana (D:6)
  An orc wizard (D:3)
  6 worker ants
  A killer bee zombie (D:6)
  3 hound skeletons (D:6)
  A worker ant zombie (D:7)
  7 adders
  A gnoll (D:4)
  A river rat (D:4)
  A shadow imp (D:5)
  4 giant mites
  6 worms
  2 adder zombies (D:6)
  3 adder skeletons
  2 oozes (D:1)
  20 orcs
  A bat skeleton (D:3)
  2 bat zombies
  14 giant cockroaches
  17 hobgoblins
  6 kobolds
  7 bats
  4 giant geckos
  5 giant newts
  5 goblins
  20 jackals
  6 quokkas
  2 quokka zombies
  15 rats
202 creatures vanquished.

Vanquished Creatures (others)
  A river rat (D:4)
1 creature vanquished.

Grand Total: 203 creatures vanquished

Notes
Turn   | Place    | Note
--------------------------------------------------------------
     0 | D:1      | Monkaria, the Hill Orc Fighter, began the quest for the Orb.
     0 | D:1      | Reached XP level 1. HP: 19/19 MP: 1/1
   116 | D:1      | Reached XP level 2. HP: 18/27 MP: 2/2
   543 | D:1      | Reached XP level 3. HP: 33/33 MP: 3/3
   749 | D:2      | Reached skill level 4 in Armour
   938 | D:2      | Reached XP level 4. HP: 21/40 MP: 4/4
  1420 | D:3      | Reached skill level 5 in Axes
  1424 | D:3      | Reached XP level 5. HP: 36/46 MP: 5/5
  1528 | D:3      | Reached skill level 6 in Axes
  1551 | D:3      | Reached skill level 7 in Axes
  1846 | D:3      | Reached XP level 6. HP: 50/52 MP: 6/6
  2092 | D:4      | Reached skill level 8 in Axes
  2117 | D:4      | Reached XP level 7. HP: 34/59 MP: 7/7
  2215 | D:4      | Reached skill level 9 in Axes
  2385 | D:4      | Found a shadowy altar of Dithmenos.
  2838 | D:4      | Reached skill level 10 in Axes
  2859 | D:4      | Noticed Eustachio
  2891 | D:5      | Entered Level 5 of the Dungeon
  3159 | D:5      | Found a staircase to the Ecumenical Temple.
  3255 | D:5      | Reached skill level 11 in Axes
  3255 | D:5      | Reached XP level 8. HP: 27/66 MP: 8/8
  3445 | D:5      | Found a burning altar of Makhleb.
  3841 | D:5      | Became a worshipper of Makhleb the Destroyer
  4146 | Temple   | Entered the Ecumenical Temple
  4352 | D:4      | Reached skill level 12 in Axes
  4563 | D:4      | Killed Eustachio
  4729 | D:6      | Reached skill level 13 in Axes
  5063 | D:6      | Reached XP level 9. HP: 27/71 MP: 9/9
  5258 | D:6      | Found a glowing golden altar of the Shining One.
  5338 | D:6      | Reached skill level 14 in Axes
  5385 | D:6      | Gained mutation: Your body is slowly deteriorating. [mutagenic meat]
  5386 | D:6      | Gained mutation: You heal slowly when monsters are visible. [mutagenic meat]
  5439 | D:6      | Acquired Makhleb's first power
  5588 | D:6      | Noticed Dowan
  5589 | D:6      | Noticed Duvessa
  5601 | D:6      | Killed Duvessa
  5618 | D:6      | Killed Dowan
  5793 | D:6      | Found Icwas' Weapon Shop.
  5899 | D:7      | Noticed Pikel
  5935 | D:6      | Killed Pikel
  5935 | D:6      | Reached skill level 15 in Axes
  6079 | D:7      | Found a runed door.
  6110 | D:7      | Found a runed door.
  6182 | D:7      | Acquired Makhleb's second power
  6199 | D:7      | Slain by a goliath beetle

Action                   |  1- 3 |  4- 6 |  7- 9 || total
-------------------------+-------+-------+-------++-------
Melee: War axe           |   115 |   178 |   597 ||   890
Evoke: Wand              |       |       |     1 ||     1
  Use: Potion            |       |     3 |     5 ||     8
       Scroll            |       |       |    10 ||    10
  Eat: Chunk             |       |     4 |    15 ||    19
       Beef jerky        |       |       |     1 ||     1
